 Dungeon Crawl Stone Soup version 0.30-a0-862-g1aabd4f9c5 (webtiles) character file.

Game seed: 4531626216634743732

18382 ragingrage the Carver (level 12, -5/91 HPs)
             Began as a Merfolk Artificer on Mar 9, 2023.
             Was a High Priest of Okawaru.
             Slain by a boulder beetle (38 damage)
             ... on level 2 of the Lair of Beasts.
             The game lasted 00:26:08 (16782 turns).

ragingrage the Carver (Merfolk Artificer)          Turns: 16782, Time: 00:26:08

Health: -5/91      AC: 21    Str: 14    XL:     12   Next: 57%
Magic:  18/18      EV: 18    Int: 10    God:    Okawaru [*****.]
Gold:   592        SH:  7    Dex: 21    Spells: 5/11 levels left

rFire   . . .      SeeInvis .    a - +0 quick blade (elec)
rCold   + . .      Faith    .    V - +0 buckler of Hairiness {Will++ Dex+3}
rNeg    . . .      Spirit   .    K - +3 scale mail of Xyilosm {rC+ Will+ Int-2}
rPois   .          Reflect  .    o - +2 helmet
rElec   .          Rampage  .    s - +2 cloak
rCorr   +                        k - +1 pair of gloves "Nalocut" {Will+ Str+2}
Will    ++++.                    v - +0 pair of boots
Stlth   +++                      (no amulet)
HPRegen 0.35/turn                g - ring of wizardry
MPRegen 0.16/turn                x - ring of resist corrosion

@: mighty, heroic
A: (nimble swimmer 2), mertail
a: Renounce Religion, Heroism, Finesse, Duel


You were on level 2 of the Lair of Beasts.
You worshipped Okawaru.
Okawaru was extremely pleased with you.
You visited 3 branches of the dungeon, and saw 14 of its levels.
You also visited: Ossuary and Bailey.

You collected 826 gold pieces.
You spent 234 gold pieces at shops.

Inventory:

Hand Weapons
 a - a +0 quick blade of electrocution (weapon)
 b - a +4 shortbow
 D - a +0 halberd of flaming
Missiles
 e - a throwing net
 p - 17 poisoned darts (quivered)
 P - 19 boomerangs
 R - 3 atropa-tipped darts
Armour
 k - the +1 pair of gloves "Nalocut" (worn) {Will+ Str+2}
   (You acquired it on level 6 of the Dungeon)

   Str:       It affects your strength (+2).
   Will:      It increases your willpower.
 o - a +2 helmet (worn)
 s - a +2 cloak (worn)
 v - a +0 pair of boots (worn)
 K - the +3 scale mail of Xyilosm (worn) {rC+ Will+ Int-2}
   (You bought it in a shop on level 6 of the Dungeon)

   Int:       It affects your intelligence (-2).
   rC:        It protects you from cold.
   Will:      It increases your willpower.
 V - the +0 buckler of Hairiness (worn) {Will++ Dex+3}
   (You found it on level 9 of the Dungeon)

   Dex:       It affects your dexterity (+3).
   Will:      It greatly increases your willpower.
 W - the +3 buckler of Cevedefa {MP+9}
   (Okawaru gifted it to you on level 10 of the Dungeon)

   MP:        It affects your magic capacity (+9).
Jewellery
 g - a ring of wizardry (left hand)
 x - a ring of resist corrosion (right hand)
Wands
 c - a wand of flame (30)
 z - a wand of acid (5)
 N - a wand of roots (4)
 Q - a wand of polymorph (5)
Scrolls
 q - 4 scrolls of enchant weapon
 u - 5 scrolls of vulnerability
 y - 2 scrolls of blinking
 A - 2 scrolls of amnesia
 C - a scroll of identify
 E - 5 scrolls of teleportation
 G - a scroll of poison
 L - a scroll of fog
 O - 2 scrolls of fear
 U - a scroll of brand weapon
Potions
 d - a potion of berserk rage {unknown}
 f - 2 potions of lignification
 h - 5 potions of curing
 i - 3 potions of invisibility {unknown}
 j - 3 potions of heal wounds
 m - a potion of ambrosia {unknown}
 n - a potion of magic {unknown}
 r - a potion of mutation {unknown}
 t - 4 potions of haste
 F - a potion of brilliance {unknown}
 H - 2 potions of cancellation
 I - 3 potions of flight
 M - a potion of degeneration {unknown}
Miscellaneous
 T - a piece from Xom's chessboard (15/15)
 Z - a phial of floods


   Skills:
 + Level 7.5(12.5) Fighting
 - Level 9.0(17.1) Short Blades
 - Level 12.8(19.0) Long Blades
 + Level 5.3(10.3) Throwing
 - Level 3.0(8.0) Armour
 + Level 9.4(14.4) Dodging
 - Level 5.0(10.0) Stealth
 - Level 4.0(9.0) Shields
 - Level 8.0 Invocations
 - Level 5.0 Evocations


You had 5 spell levels left.
You knew the following spells:

 Your Spells              Type           Power      Damage    Failure   Level
a - Blink                 Tloc           0%         N/A       65%         2
b - Manifold Assault      Tloc           0%         N/A       99%         4

Your spell library contained the following spells:

 Spells                   Type           Power      Damage    Failure   Level
 Lesser Beckoning         Tloc           0%         N/A       65%         2
 Momentum Strike          Conj/Tloc      0%         3d8       65%         2
 Static Discharge         Conj/Air       0%         2-2/arc   65%         2
 Kindle Blastsparks       Fire/Tloc/Air  0%         2d10      86%         3
 Vhi's Electric Charge    Tloc/Air       0%         N/A       86%         3
 Cause Fear               Hex            0%         N/A       99%         4
 Fulminant Prism          Conj/Hex       0%         3d5       99%         4
 Iskenderun's Mystic Bla  Conj/Tloc      0%         2d3       99%         4
 Arcjolt                  Conj/Air       0%         1d10      100%        5
 Lee's Rapid Deconstruct  Erth           0%         3d4*      100%        5
 Lightning Bolt           Conj/Air       0%         1d11      100%        5
 Dragon Form              Tmut           0%         N/A       100%        7
 Storm Form               Tmut/Air       0%         N/A       100%        7
 Dragon's Call            Summ           Unusable   N/A       N/A         9

Dungeon Overview and Level Annotations

Branches:
Dungeon (11/15)            Temple (1/1) D:7            Lair (2/5) D:10
Ossuary (visited)          Bailey (visited)
  Swamp: Lair:2-3    Shoals: Lair:2-3     Snake: Lair:2-3    Spider: Lair:2-3
    Orc: D:9-12

Altars:
Ashenzari
Cheibriados
Dithmenos
Elyvilon
Fedhas
Gozag
Hepliaklqana
Kikubaaqudgha
Makhleb
Nemelex Xobeh
Okawaru
Qazlal
Ru
Sif Muna
Trog
Uskayaw
Vehumet
Wu Jian
Xom
Yredelemnul
Zin
The Shining One

Shops:
D:6 [

Portals:
Trove: D:10 (show slimy rune of Zot)

Annotations:
D:4 exclusion: downstairs
D:5 Blork the orc, Dowan, Duvessa
D:9 3 exclusions
D:11 1 runed translucent door, patfeehan111222's ghost, journeyman MiBe
Lair:1 Urug


Innate Abilities, Weirdness & Mutations

((You are very nimble when in or above water. (Stealth+, EV+, Speed+++)))
Your lower body shifts to a powerful aquatic tail in water.


Message History

Okawaru accepts your kill.
Y - a curare-tipped dart
Things that are here:
a water moccasin corpse; a blink frog corpse; a yak corpse A komodo dragon comes into view.
Throw: dart (curare)
Aim: a komodo dragon (77% to hit)
You throw a curare-tipped dart.
The curare-tipped dart hits the komodo dragon.
The komodo dragon is poisoned.
The komodo dragon convulses.
The komodo dragon seems to slow down.
The komodo dragon hisses angrily.
The boulder beetle curls into a ball and begins rolling!
The komodo dragon misses you.
You hit the komodo dragon. You hit the komodo dragon.
Lightning courses through the komodo dragon!
You completely miss the komodo dragon. You barely miss the komodo dragon.
The komodo dragon bites you but does no damage.
Really read the scroll of poison?
The air fills with toxic fumes!
As you read the scroll of poison, it crumbles to dust.
You puncture the komodo dragon!
You kill the komodo dragon!
Okawaru accepts your kill.
You feel much better.
The boulder beetle is engulfed in poison gas.
The boulder beetle is poisoned.
The komodo dragon is engulfed in poison gas.
The komodo dragon is poisoned.
The boulder beetle is engulfed in poison gas.
The boulder beetle looks even sicker.
You hit the boulder beetle.
Lightning courses through the boulder beetle!
The komodo dragon is engulfed in poison gas.
The komodo dragon looks even sicker.
The boulder beetle is engulfed in poison gas.
The boulder beetle looks even sicker.
The boulder beetle hits you!!!
You die...

.........
#..F....§§§§§§§§§
##......##§§§§§§§§
..#.....YY##§§§§#§§§
..........##§§§§§.§§
.##.§....##§§§§§§§§
..P..§§§..##§§l§§§§§
.....§§§§§##§§§§§§§§
..#..§§§§§§§@(§§§§§§
# #
#..§§§§§#B#§§§#§§§ #
##.§§§○§§##§§#§§§§ .
...§○.§§§. §§§§§§§ .
.....§§§§...§§§§§ §
.
....§§§§§...§§§§§§§
. ...§§§§....§§§§§§§
. ..§§§§.. §§§§§§§ #
...>...


You could see a boulder beetle (rolling, very poisoned) and a komodo dragon
(very poisoned).

Vanquished Creatures
  An orc warlord (Bailey)
  2 two-headed ogres
  An ugly thing (D:11)
  2 black mambas
  Maurice (D:10)
  Joseph (Lair:1)
  A cane toad (Lair:2)
  An unseen horror (D:10)
  Maggie (D:6)
  4 komodo dragons
  2 hornets
  Prince Ribbit (Lair:1)
  10 blink frogs
  3 wyverns
  A wraith (D:8)
  A vampire (D:6)
  28 yaks
  A steam dragon (D:7)
  Menkaure (D:5)
  3 acid dragons
  4 water moccasins
  An ice beast (D:7)
  10 orc warriors
  2 black bears
  An ogre (D:5)
  4 centaurs
  A phantom (D:6)
  2 kobold brigands
  2 gnoll sergeants
  5 bullfrogs
  5 scorpions
  A water moccasin zombie (Ossuary)
  4 wights
  5 killer bees (D:11)
  4 howler monkeys
  A bullfrog zombie (Ossuary)
  2 centaur zombies (Ossuary)
  3 hounds
  10 orc priests
  A gnoll bouda (Temple)
  3 jellies
  4 sleepcaps
  17 orc wizards
  2 iguanas (D:5)
  A scorpion zombie (Ossuary)
  An ogre zombie (Ossuary)
  17 gnolls
  5 adders
  A river rat (D:6)
  A shadow imp (D:6)
  A white imp (D:8)
  2 adder zombies (Ossuary)
  2 worms
  4 dart slugs
  32 orcs
  11 ball pythons
  4 bats
  5 endoplasms
  4 giant cockroaches
  2 gnoll zombies (Ossuary)
  6 goblins
  6 hobgoblins
  6 jackals (D:1)
  20 kobolds
  6 quokkas
  13 frilled lizards
  2 goblin zombies (Ossuary)
  4 hobgoblin zombies (Ossuary)
  3 orc zombies (Ossuary)
  7 rats
326 creatures vanquished.

Vanquished Creatures (others)
  An orc (D:6)
  9 fungi
  22 plants
32 creatures vanquished.

Grand Total: 358 creatures vanquished

Notes
Turn   | Place    | Note
-------+----------+-------------------------------------------
     0 | D:1      | ragingrage the Merfolk Artificer began the quest for the
                  | Orb.
     0 | D:1      | Reached XP level 1. HP: 15/15 MP: 1/1
   208 | D:1      | Reached XP level 2. HP: 15/21 MP: 2/2
   696 | D:1      | Reached XP level 3. HP: 23/27 MP: 3/3
  1097 | D:2      | Reached skill level 1 in Short Blades
  1978 | D:3      | Reached XP level 4. HP: 33/33 MP: 4/4
  2299 | D:3      | Found a radiant altar of Vehumet.
  2299 | D:3      | Found an iron altar of Okawaru.
  2300 | D:3      | Found a shimmering altar of Xom.
  2409 | D:3      | Became a worshipper of Warmaster Okawaru
  2417 | D:4      | Noticed an ogre
  2483 | D:4      | Found a bloodstained altar of Trog.
  2655 | D:3      | HP: 1/33 [gnoll/+0 halberd (12)]
  2911 | D:4      | Reached XP level 5. HP: 6/38 MP: 5/5
  3460 | D:4      | Reached skill level 5 in Short Blades
  3939 | D:4      | Reached XP level 6. HP: 41/44 MP: 6/6
  4030 | D:5      | Entered Level 5 of the Dungeon
  4131 | D:5      | Noticed Menkaure
  4135 | D:5      | Killed Menkaure
  4135 | D:5      | Reached * piety under Okawaru
  4363 | D:5      | Noticed Duvessa
  4363 | D:5      | Noticed Dowan
  4547 | D:4      | Reached XP level 7. HP: 33/50 MP: 7/7
  5232 | D:5      | Noticed Blork the orc
  5498 | D:6      | Found a shadowy altar of Dithmenos.
  5502 | D:6      | Noticed Maggie
  5511 | D:6      | Identified a scroll of acquirement
  5511 | D:6      | Acquired the +1 pair of gloves "Nalocut" {Will+ Str+2}
  5516 | D:6      | Noticed a vampire
  5555 | D:7      | Noticed a steam dragon
  5568 | D:6      | Killed a vampire
  5569 | D:6      | Reached skill level 5 in Stealth
  5574 | D:6      | Reached XP level 8. HP: 12/56 MP: 8/8
  5824 | D:6      | Found a sand-covered staircase.
  5829 | Ossuary  | Entered an ossuary
  5871 | Ossuary  | Reached skill level 1 in Long Blades
  5899 | Ossuary  | Reached ** piety under Okawaru
  5900 | Ossuary  | Reached skill level 2 in Long Blades
  5974 | Ossuary  | Reached skill level 3 in Long Blades
  6013 | Ossuary  | Reached skill level 4 in Long Blades
  6100 | Ossuary  | Noticed a silent spectre
  6359 | D:6      | Killed Maggie
  6360 | D:6      | Reached skill level 6 in Long Blades
  6568 | D:6      | Reached skill level 7 in Long Blades
  6580 | D:6      | Reached XP level 9. HP: 61/61 MP: 9/9
  6736 | D:6      | Found Dail Way's Antique Armour Shoppe.
  6739 | D:6      | Bought a steaming scale mail for 234 gold pieces
  6739 | D:6      | Identified the +3 scale mail of Xyilosm {rC+ Will+ Int-2}
                  | (You bought it in a shop on level 6 of the Dungeon)
  6896 | D:6      | Reached skill level 8 in Long Blades
  6948 | D:6      | HP: 1/61 [acid dragon/splash of acid (8)]
  7575 | D:5      | Found a hazy altar of Hepliaklqana.
  7737 | D:7      | Reached skill level 1 in Invocations
  7882 | D:7      | Noticed a +0 short sword
  7883 | D:7      | Noticed a +0 dagger
  7883 | D:7      | Noticed a +0 falchion
  7885 | D:7      | Noticed a +0 spear
  7885 | D:7      | Noticed a +0 short sword
  7885 | D:7      | Noticed a +0 spear
  7886 | D:7      | Noticed a +0 dagger
  7887 | D:7      | Noticed a +0 falchion
  7895 | D:7      | Found a hide-covered altar of Uskayaw.
  7966 | D:7      | Learned a level 2 spell: Blink
  7971 | D:7      | Learned a level 4 spell: Manifold Assault
  8036 | D:7      | Found an opulent altar of Gozag.
  8124 | D:7      | Reached skill level 9 in Long Blades
  8178 | D:7      | Reached *** piety under Okawaru
  8426 | D:7      | Found a stormy altar of Qazlal.
  8594 | D:7      | Found a staircase to the Ecumenical Temple.
  8600 | Temple   | Entered the Ecumenical Temple
  9090 | D:7      | Noticed a hornet
  9099 | D:7      | Paralysed by a hornet for 2 turns
  9114 | D:7      | Killed a hornet
  9115 | D:7      | Reached skill level 10 in Long Blades
  9504 | D:7      | Identified the +11 flail of Ynepp {drain, rC- Str+4}
  9929 | D:8      | Reached skill level 11 in Long Blades
 10351 | D:8      | Reached XP level 10. HP: 43/67 MP: 13/13
 10611 | D:8      | Reached skill level 12 in Long Blades
 11527 | D:8      | Reached **** piety under Okawaru
 11844 | D:9      | Found a flagged portal.
 11855 | Bailey   | Entered a bailey
 11916 | Bailey   | Noticed an orc warlord
 12078 | Bailey   | Reached skill level 1 in Armour
 12291 | Bailey   | Found a runed translucent gate.
 12292 | Bailey   | Found a runed translucent gate.
 12293 | Bailey   | Found a runed translucent gate.
 12532 | Bailey   | Killed an orc warlord
 12532 | Bailey   | Received a gift from Okawaru
 12532 | Bailey   | Reached ***** piety under Okawaru
 12597 | D:9      | Acquired a +0 quick blade of electrocution
 12818 | D:9      | Identified the +0 buckler of Hairiness {Will++ Dex+3}
 13118 | D:9      | Reached skill level 5 in Dodging
 13118 | D:9      | Reached skill level 5 in Invocations
 13165 | D:9      | Reached skill level 1 in Shields
 13182 | D:9      | Reached XP level 11. HP: 37/76 MP: 14/14
 13536 | D:10     | Entered Level 10 of the Dungeon
 13580 | D:10     | Noticed a two-headed ogre
 13610 | D:10     | Killed a two-headed ogre
 13610 | D:10     | Identified the +3 buckler of Cevedefa {MP+9} (Okawaru
                  | gifted it to you on level 10 of the Dungeon)
 13610 | D:10     | Received a gift from Okawaru
 13881 | D:10     | Identified the +6 dagger of the Healing Madman {speed,
                  | Contam rElec rPois}
 14024 | D:10     | Found a white marble altar of Elyvilon.
 14312 | D:10     | Found a portal to a secret trove of treasure.
 14593 | D:10     | Reached skill level 1 in Throwing
 14624 | D:10     | Reached skill level 5 in Evocations
 14980 | D:10     | Found a staircase to the Lair.
 14984 | D:10     | Reached skill level 5 in Fighting
 15091 | D:10     | Noticed Maurice
 15119 | D:10     | Killed Maurice
 15344 | D:11     | Found a runed translucent door.
 15345 | D:11     | Noticed a tengu warrior
 15345 | D:11     | Noticed patfeehan111222's ghost (journeyman MiBe)
 15381 | D:11     | Noticed a two-headed ogre
 15397 | D:11     | Killed a two-headed ogre
 15720 | D:11     | Noticed a red ugly thing
 15746 | D:11     | Killed a red ugly thing
 16085 | D:11     | Found a sparkling altar of Nemelex Xobeh.
 16224 | Lair:1   | Entered Level 1 of the Lair of Beasts
 16270 | Lair:1   | Noticed Joseph
 16299 | Lair:1   | Received a gift from Okawaru
 16330 | Lair:1   | Reached XP level 12. HP: 77/88 MP: 17/17
 16339 | Lair:1   | Killed Joseph
 16373 | Lair:1   | Noticed Prince Ribbit
 16415 | Lair:1   | Killed Prince Ribbit
 16638 | Lair:1   | Noticed Urug
 16655 | Lair:2   | Noticed a five-headed hydra
 16661 | Lair:2   | Noticed a boulder beetle
 16747 | Lair:2   | Reached skill level 5 in Throwing
 16782 | Lair:2   | Slain by a boulder beetle

Illustrated notes

Levels and vault maps discovered:
D:1:      lemuel_arrival_river_ford, layout_loops_ring
D:2:      layout_loops_ring, amethyst_killhole, minmay_rat_gold_closets
D:3:      layout_basic, chequers_temple_overflow_statue_of_worship
D:4:      layout_gridville, mainiacjoe_overflow_chevrons, grunt_ministairs_6
D:5:      layout_loops_corners, nicolae_overflow_hidden_temple,
          nrook_loot_triangle, minmay_lizard_king, uniq_duvessa,
          uniq_blork_the_orc, uniq_menkaure
D:6:      layout_basic, lemuel_crystal_altar, gup_sewer_entry_bubbles,
          enter_ossuary_2, serial_shops, kennysheep_mini_moat, uniq_maggie
D:7:      layout_layer_cave, nicolae_uskayaw_en_pointe, general_overflow_altar,
          amcnicky_altar_gilded, minmay_temple_entry_ruins
D:8:      layout_basic
D:9:      layout_small_grid, enter_bailey_6, serial_bayou_crossing
D:10:     layout_basic, elyvilon_altar_1, grunt_lair_entry_orc_guard_hut,
          nicolae_trove_entry_crystal, minmay_crystal_room, fungi_pond_lemuel,
          uniq_maurice
D:11:     layout_rooms, ebering_ghost_inner_flame, nemelex_diamond_rough_becter
Temple:   nicolae_temple_bog_church
Lair:1:   layout_big_grid, minivault_19, uniq_urug, uniq_joseph,
          uniq_prince_ribbit2
Lair:2:   layout_regular_city, minmay_snake_entry_spellcaster, enter_volcano_3,
          grunt_megastairs_2

Skill      XL: |  1  2  3  4  5  6  7  8  9 10 11 12 |
---------------+-------------------------------------+-----
Dodging        | 3 5 7 9 |  9.4
Stealth        | 2 3 5 |  5.0
Fighting       | 2 3 6 7 |  7.5
Short Blades   | 2 4 5 6 8 9 |  9.0
Long Blades    | 7 11 12 | 12.8
Invocations    | 4 5 7 8 |  8.0
Armour         | 2 3 |  3.0
Evocations     | 4 5 |  5.0
Shields        | 1 4 |  4.0
Throwing       | 3 5 |  5.3

Action                     |  1- 3 |  4- 6 |  7- 9 | 10-12 || total
---------------------------+-------+-------+-------+-------++-------
  Melee: Club              |    33 |       |       |       ||    33
         Punch             |     2 |     1 |    11 |     2 ||    16
         Staff             |    54 |       |       |       ||    54
         Rapier            |    54 |   118 |   355 |       ||   527
         Unarmed           |       |       |     8 |       ||     8
         Long sword        |       |       |   125 |   119 ||   244
         Tailslap          |       |       |     8 |    14 ||    22
         Quick blade       |       |       |       |   789 ||   789
   Fire: Shortbow          |       |       |    57 |   215 ||   272
         Arbalest          |       |       |    23 |     9 ||    32
  Throw: Dart              |       |     4 |    13 |    44 ||    61
         Throwing net      |       |       |     1 |       ||     1
         Boomerang         |       |       |       |     2 ||     2
 Invoke: Heroism           |       |       |     3 |     3 ||     6
  Evoke: Wand              |       |     9 |    12 |     3 ||    24
    Use: Scroll            |       |     3 |    11 |    15 ||    29
         Potion            |       |       |     6 |     8 ||    14
   Stab: Sleeping          |     7 |     4 |     7 |     2 ||    20
         Held in net/web   |       |       |     1 |       ||     1
 Armour: Leather armour    |    28 |       |       |       ||    28
         Ring mail         |     8 |    38 |   109 |       ||   155
         Skin              |       |       |    15 |    32 ||    47
         Acid dragon scale |       |       |     9 |       ||     9
         Scale mail        |       |       |   151 |   231 ||   382
  Dodge: Dodged            |   103 |    67 |   276 |   237 ||   683
  Block: Buckler           |       |       |       |    83 ||    83

Table legend: (Time is in decaauts)
 A = Elapsed time spent in this place.
 B = Non-inter-level travel time spent in this place.
 C = Inter-level travel time spent in this place.
 D = Time resting spent in this place.
 E = Time spent auto-exploring this place.
 F = Levels seen in this place.
 G = Mean time per level.
                   A        B        C        D        E       F      G
               +--------+--------+--------+--------+--------+-----+--------+
         Total |  16204 |  15461 |    743 |   3288 |   8177 |  16 | 1012.8 |
       Dungeon |  14361 |  13638 |    723 |   2955 |   7669 |  11 | 1305.5 |
        Temple |    361 |    342 |     19 |    109 |    138 |   1 |  361.0 |
          Lair |    374 |    374 |      0 |     80 |     62 |   2 |  187.0 |
       Ossuary |    274 |    274 |      0 |     24 |     56 |   1 |  274.0 |
        Bailey |    833 |    833 |      0 |    120 |    252 |   1 |  833.0 |
               +--------+--------+--------+--------+--------+-----+--------+

Top non-repeatable levels by time:
     D:7: 1761 daAuts
     D:8: 1734 daAuts
     D:6: 1636 daAuts
    D:10: 1625 daAuts
     D:4: 1598 daAuts
     D:5: 1459 daAuts
     D:9: 1091 daAuts
     D:1: 948 daAuts
     D:3: 903 daAuts
     D:2: 859 daAuts
  Bailey: 833 daAuts
    D:11: 743 daAuts
  Temple: 361 daAuts
  Lair:1: 305 daAuts
 Ossuary: 274 daAuts
